 Dungeon Crawl Stone Soup version 0.23-a0-49-gd9f7a49 (webtiles) character file.

0 Amnesiac the Conjurer (level 1, -1/13 HPs)
             Began as a Mummy Conjurer on Aug 8, 2018.
             Slain by a worker ant (6 damage)
             ... on level 4 of the Dungeon.
             The game lasted 00:00:32 (137 turns).

Amnesiac the Conjurer (Mummy Conjurer)               Turns: 137, Time: 00:00:33

Health: -1/13      AC:  3    Str: 11    XL:     1   Next: 8%
Magic:  4/4        EV: 12    Int: 14    God:
Gold:   0          SH:  0    Dex: 12    Spells: 4/5 levels left

rFire    x . .     SeeInvis .   (no weapon)
rCold    + . .     Gourm    .   (no shield)
rNeg     + + +     Faith    .   a - +1 robe
rPois    ∞         Spirit   .   (no helmet)
rElec    .         Reflect  .   (no cloak)
rCorr    .         Harm     .   (no gloves)
MR       .....                  (no boots)
Stlth    ++........             (no amulet)
HPRegen  0.04/turn              (no ring)
MPRegen  0.09/turn              (no ring)

@: no status effects
A: no food or potions, fire vulnerability, cold resistance 1, negative energy
resistance 3, torment resistance, unbreathing
a: no special abilities


You were on level 4 of the Dungeon.
You were not hungry.

You visited 1 branch of the dungeon, and saw 4 of its levels.

Inventory:

Armour
 a - a +1 robe (worn)
 d - a +0 buckler


   Skills:
 - Level 1.5 Dodging
 - Level 1.5 Stealth
 + Level 2.7 Spellcasting
 - Level 3.2 Conjurations


You had 4 spell levels left.
You knew the following spells:

 Your Spells              Type           Power        Failure   Level  Hunger
a - Magic Dart            Conj           ##..         6%          1    N/A

Your spell library contained the following spells:

 Spells                   Type           Power        Failure   Level  Hunger
 Iskenderun's Mystic Bla  Conj           ##......     50%         4    N/A
 Fulminant Prism          Conj/Hex       #.........   75%         4    N/A
 Dazzling Spray           Conj/Hex       #.....       34%         3    N/A
 Force Lance              Conj/Tloc      #.......     75%         4    N/A
 Searing Ray              Conj           ##....       9%          2    N/A

Dungeon Overview and Level Annotations

Branches:
Dungeon (4/15)
 Temple: D:4-7

Altars:

Annotations:
D:4 1 runed door


Innate Abilities, Weirdness & Mutations

You do not eat or drink.
Your flesh is vulnerable to fire.
You are immune to poison.
Your flesh is cold resistant. (rC+)
You are immune to negative energy. (rN+++)
You are immune to unholy pain and torment.
You can survive without breathing.


Message History

Casting: Magic Dart (safe; 6% risk of failure)
Confirm with . or Enter, or press ? or * to list all spells.
You can't see any susceptible monsters within range! (Use Z to cast anyway.)
Casting: Magic Dart (safe; 6% risk of failure)
Confirm with . or Enter, or press ? or * to list all spells.
You can't see any susceptible monsters within range! (Use Z to cast anyway.)
You start resting.
Magic restored.
Found a chain mail.
You see here a chain mail.
Found a stone staircase leading down.
Found a ring mail.
There is a stone staircase leading down here.
You climb downwards.
A worm comes into view.
Found 8 gold pieces, an amethyst potion and a buckler.
Found two stone staircases leading down.
There is a stone staircase leading up here.
Found 10 gold pieces.
A hobgoblin comes into view. It is wielding a club.
You see here a buckler.
d - a buckler
Things that are here:
an amethyst potion {!q}; 2 fuming pink potions {!q}
There is a stone staircase leading up here.
There is a stone staircase leading down here.
You climb downwards.
Found three items.
Found a stone staircase leading up and a stone staircase leading down.
Found a runed door.
There is a stone staircase leading up here.
A worker ant comes into view.
The adder hisses angrily.
You hear an angry hiss.
You see here a scroll labeled KUOVVA TAUDIS {!r}.
Really read a scroll labeled KUOVVA TAUDIS {!r}?
As you read the scroll labeled KUOVVA TAUDIS {!r}, it crumbles to dust.
It is a scroll of enchant weapon.
You aren't carrying any weapons that can be enchanted.
The worker ant waves its antennae.
Really read
c - a scroll labeled LAXATATHRIEVAI {!r}?
As you read the scroll labeled LAXATATHRIEVAI {!r}, it crumbles to dust.
You hear a loud clanging noise!
It was a scroll of noise {!r}.
You hear an angry hiss.
You hear a shout! x5
The worker ant misses you. The worker ant bites you!
Ouch! That really hurt!
* * * LOW HITPOINT WARNING * * *
Really read
b - a scroll labeled ELATIA MEBIHEA {!r}?
As you read the scroll labeled ELATIA MEBIHEA {!r}, it crumbles to dust.
The dust glows brilliant brown!
It was a scroll of random uselessness {!r}.
The worker ant barely misses you. The worker ant closely misses you.
An adder comes into view.
Found 17 gold pieces.
The worker ant misses you.
You see here a scroll labeled NERCHOFR KYISEJ {!r}.
Really read a scroll labeled NERCHOFR KYISEJ {!r}?
As you read the scroll labeled NERCHOFR KYISEJ {!r}, it crumbles to dust.
It is a scroll of enchant armour.
Your +0 robe glows green for a moment.
The adder hisses angrily.
The worker ant bites you.
You die...

#.......#
#.......#
#.......#
##.######.######
#.......<......#
#..###....##.#.#
#.........##.#.#
#......a.....S...
..#+#.@.###.....
#..#S#........$##
#..#S#...<.....#
#. #≈##>...##.##
# .....# #
###...# #...#
...#


You could see a worker ant and 3 adders.

Vanquished Creatures
  A kobold (D:2)
1 creature vanquished.

Notes
Turn   | Place    | Note
-------+----------+-------------------------------------------
     0 | D:1      | Amnesiac the Mummy Conjurer began the quest for the Orb.
     0 | D:1      | Reached XP level 1. HP: 13/13 MP: 4/4
   123 | D:4      | Found a runed door.
   124 | D:4      | Noticed a worker ant
   137 | D:4      | Slain by a worker ant

Vault maps used:
D:1:      lemuel_arrival_behind_the_door_large, minmay_tree_intersection,
          minmay_distorted
D:2:      lemuel_crystal_altar, minitemple, uniq_natasha
D:4:      lemuel_coloured_pillars_altar, ebering_ghost_sewer_d, uniq_menkaure,
          uniq_robin

Action                   || total
-------------------------++-------
 Cast: Magic Dart        ||     1
  Use: Scroll            ||     4
Dodge: Dodged            ||     4

Table legend:
 A = Spawn XP
 B = Non-spawn XP
 C = Spawn XP percentage of total XP
 D = Spawn monster count
 E = Non-spawn monster count
 F = Spawn count percentage of total count
 G = Total turns spent on level
                    A         B        C        D         E        F      G
               +---------+---------+-------+---------+---------+-------+---------
         Total |       0 |       1 |   0.0 |       0 |       1 |   0.0 |   137
               +---------+---------+-------+---------+---------+-------+---------
           D:2 |       0 |       1 |   0.0 |       0 |       1 |   0.0 |    55
               +---------+---------+-------+---------+---------+-------+---------
